 Dungeon Sprint DCSS version 0.27-a0-29-g2d0a2396b0 (webtiles) character file.

Game seed: 2472659692271166227

778 mhtbhm the Fighter (level 7, 0/73 HPs)
             Began as a Minotaur Fighter on Jan 3, 2021.
             Slain by a wyvern (12 damage)
             ... in the Dungeon (Sprint II: "The Violet Keep of Menkaure").
             The game lasted 00:00:54 (486 turns).

mhtbhm the Fighter (Minotaur Fighter)                Turns: 486, Time: 00:00:54

Health: 0/73       AC:  5    Str: 22    XL:     7   Next: 54%
Magic:  5/5        EV: 10    Int:  5    God:
Gold:   486        SH: 12    Dex:  8    Spells: 6/6 levels left

rFire    . . .     SeeInvis .   a - +0 war axe
rCold    . . .     Faith    .   c - +0 kite shield
rNeg     . . .     Spirit   .   b - +0 scale mail
rPois    .         Reflect  .   (helmet restricted)
rElec    .         Harm     .   (no cloak)
rCorr    .         Rampage  .   (no gloves)
Will     .....     Rnd*Rage +   (no boots) Stlth ..........NoTele +
                                (no amulet)
HPRegen  0.22/turn              (no ring)
MPRegen  0.09/turn              (no ring)

@: no status effects
A: retaliatory headbutt, horns 2, berserk 1, blurry vision 1, clumsy 1, deformed
body, deterioration 2, low mp 1
a: no special abilities


You were in the Dungeon.
You visited 1 branch You collected 486 gold pieces.

Inventory:

Hand Weapons
 a - a +0 war axe (weapon)
Armour
 b - a +0 scale mail (worn)
 c - a +0 kite shield (worn)
Scrolls
 j - a scroll of blinking
Potions
 d - a potion of might
 f - a potion of heal wounds
 g - a potion of haste
 h - 2 potions of magic


   Skills:
 + Level 10.9 Fighting
 + Level 9.1 Axes
 + Level 10.7 Armour
 + Level 1.8 Dodging
 + Level 0.1 Stealth
 + Level 10.8 Shields


You had 6 spell levels left.
You didn't know any spells.
Your spell library was empty.

Dungeon Overview and Level Annotations

Branches:
Dungeon (1/1)

Altars:

Shops:
D [!==[[!}((?


Innate Abilities, Weirdness & Mutations

You reflexively headbutt those who attack you in melee.
You have a pair of horns on your head.
You tend to lose your temper in combat.
Scrolls take you a little longer to read.
You are clumsy. (Dex -2)
Armour fits poorly on your strangely shaped body.
Your body often deteriorates upon taking damage.
Your magical capacity is low. (-10% MP)


Message History

The wyvern is severely wounded.
The wyvern bites you!
You completely miss the wyvern.
The wyvern is severely wounded.
You block the wyvern's attack. The wyvern bites you!
* * * LOW HITPOINT WARNING * * *
You closely miss the wyvern. You headbutt the wyvern.
The wyvern is almost dead.
The wyvern closely misses you.
You closely miss the wyvern.
The wyvern is almost dead.
You block the wyvern's attack. The wyvern barely misses you.
You hit the wyvern. You headbutt the wyvern.
You kill the wyvern!
You feel your strength returning.
You feel your intelligence returning.
Your Axes skill increases to level 9!
You hit the wyvern. You headbutt the wyvern.
The wyvern is lightly wounded.
The wyvern bites you!
You die...

########≈≈#+++
#######≈≈≈...
∩.....#≈≈≈≈.
.∩....#≈≈≈≈
∩.∩...#≈≈S
...∩..#≈≈### ##
..∩.⌠.#≈##.###+# #.#
.∩.∩..#≈##..##.##.#
∩.∩...+≈'##.'.<@l#
.∩....#≈#.#.##.##.#
▓▓▓▓###≈##.###'# #.#
s######≈≈####.†#####
. ##≈≈ #..##.#
+#≈##.#†## ≈
#≈≈##'##≈≈≈§
#≈≈≈≈≈≈≈≈≈≈≈
#+++#+++#≈§≈


You could see a wyvern.

Vanquished Creatures
  A wyvern (D)
  4 neqoxecs (D)
  A water moccasin (D)
  3 worms (D)
9 creatures vanquished.

Vanquished Creatures (others)
  Menkaure (D)
  A water moccasin (D)
2 creatures vanquished.

Grand Total: 11 creatures vanquished

Notes
Turn   | Place    | Note
-------+----------+-------------------------------------------
     0 | D        | mhtbhm the Minotaur Fighter began the quest for the Orb.
     0 | D        | Reached XP level 1. HP: 19/19 MP: 0/0
     1 | D        | Noticed a neqoxec
     1 | D        | Noticed a neqoxec
     1 | D        | Noticed a neqoxec
     1 | D        | Noticed a neqoxec
     1 | D        | Gained mutation: Your body sometimes deteriorates upon
                  | taking damage. [a neqoxec]
     3 | D        | Noticed a quasit
     3 | D        | Noticed a quasit
     3 | D        | Noticed a crimson imp
     8 | D        | Killed a neqoxec
     9 | D        | Reached XP level 2. HP: 34/34 MP: 1/1
     9 | D        | Reached XP level 3. HP: 39/39 MP: 2/2
     9 | D        | Reached XP level 4. HP: 47/47 MP: 3/3
    10 | D        | Gained mutation: Your magical capacity is low. (-10% MP) [a
                  | neqoxec]
    13 | D        | Killed a neqoxec
    14 | D        | Reached skill level 5 in Axes
    14 | D        | Reached XP level 5. HP: 56/56 MP: 3/3
    18 | D        | Lost intelligence.
    22 | D        | Gained mutation: Your body often deteriorates upon taking
                  | damage. [a neqoxec]
    23 | D        | Gained mutation: You are clumsy. (Dex -2) [a neqoxec]
    24 | D        | Killed a neqoxec
    25 | D        | Reached XP level 6. HP: 49/66 MP: 4/4
    25 | D        | Gained mutation: Armour fits poorly on your strangely
                  | shaped body. [a neqoxec]
    25 | D        | Gained mutation: You tend to lose your temper in combat. [a
                  | neqoxec]
    28 | D        | Gained mutation: Scrolls take you a little longer to read.
                  | [a neqoxec]
    29 | D        | Killed a neqoxec
    30 | D        | Reached skill level 10 in Fighting
    30 | D        | Reached skill level 10 in Armour
    30 | D        | Reached skill level 10 in Shields
    30 | D        | Reached XP level 7. HP: 47/72 MP: 5/5
    34 | D        | Found Gouqeof's Antique Weapon Boutique.
    96 | D        | Killed Menkaure
   138 | D        | Found Kurchu's Gadget Boutique.
   138 | D        | Found Zotweoh's Distillery.
   139 | D        | Found Debebez's Magic Scroll Shop.
   139 | D        | Found Adubboddu's Antique Armour Shop.
   139 | D        | Found Witak's Antique Armour Boutique.
   139 | D        | Found Muel's Jewellery Boutique.
   140 | D        | Found Retih's Distillery.
   140 | D        | Found Jeepunt's Antique Armour Shop.
   143 | D        | Found Bil Wuos's Antique Weapon Shop.
   143 | D        | Found Daapiecs's Jewellery Boutique.
   143 | D        | Noticed a redback
   154 | D        | Reached skill level 1 in Dodging
   473 | D        | Noticed a wyvern
   473 | D        | Noticed a wyvern
   485 | D        | Killed a wyvern
   486 | D        | Slain by a wyvern

Illustrated notes

Levels and vault maps discovered:
D:        the_violet_keep_of_menkaure [sprint2_stairs_cluster_1,
          sprint2_shoproom, sprint2_temple, sprint2_basic_supplies,
          sprint2_obstacle_5, sprint2_obstacle_1, sprint2_obstacle_4,
          sprint2_obstacle_3, sprint2_obstacle_2, sprint2_timed_cluster_1,
          sprint2_smallroom_cluster_1, sprint2_smallroom_final_cluster_1,
          sprint2_transparent_cluster_1, sprint2_second_timed_cluster_1,
          sprint2_sniper_area_1, sprint2_heavy_combat_area_1,
          sprint2_mutation_trap_area_1, sprint2_forest_area_1,
          sprint2_light_combat_area_1, sprint2_behind_water_1,
          sprint2_near_end_vault_1]

Skill      XL: |  1  2  3  4  5  6  7 |
---------------+----------------------+-----
Fighting       | 7 8 9 10 | 10.9
Axes           | 4 5 6 7 9 |  9.1
Armour         | 7 8 9 10 | 10.7
Shields        | 6 8 9 10 | 10.8
Dodging        | 1 |  1.8
Stealth        | |  0.1

Action                   |  1- 3 |  4- 6 |  7- 9 || total
-------------------------+-------+-------+-------++-------
Melee: War axe           |     6 |    20 |    27 ||    53
       Headbutt          |     1 |     2 |     6 ||     9
  Use: Potion            |     1 |       |     1 ||     2
Armor: Scale mail        |     2 |     6 |     1 ||     9
Dodge: Dodged            |     3 |     6 |    10 ||    19
Block: Kite shield       |     1 |     9 |    11 ||    21

Table legend: (Time is in decaauts)
 A = Elapsed time spent in this place.
 B = Non-inter-level travel time spent in this place.
 C = Inter-level travel time spent in this place.
 D = Time resting spent in this place.
 E = Time spent auto-exploring this place.
 F = Levels seen in this place.
 G = Mean time per level.
                   A        B        C        D        E       F      G
               +--------+--------+--------+--------+--------+-----+--------+
         Total |    509 |    509 |      0 |    382 |      0 |   1 |  509.0 |
       Dungeon |    509 |    509 |      0 |    382 |      0 |   1 |  509.0 |
               +--------+--------+--------+--------+--------+-----+--------+

Top non-repeatable levels by time:
       D: 509 daAuts
